Unix NetHack Version 5.0.0-0 post-release - last build May 23 2026 06:08:33 (1c0ff79ee797540d5714e4e18072db0edd9e58ae,branch:main).

Game began 2026-05-28 01:02:16, ended 2026-05-28 01:09:31.

Brudee, neutral female human Tourist

                                                                       ---
            ---                      ---------                    ------.---
         ----.---                   --....--.---   ----           |..||....--
   -------......|               -----..........-- --..--          |..--.....|
  --..--........|               |...............| |....|         --.........--
  |.........---.|               --..............| |.--.|        --...........--
 --.....--..| ---      ----      ---....---)....---.||.---      |.............|
 |......--..--         |..--       ---.-- #)........||...|      |.............|
 --..........|         --..---       --- #|.---..-------.---    |............--
 --.........--          --...-------------).| |.-|---.-|...------...........--
 |..........|            |..................---..-|....|--........|.--......|
 |-.........-- ---      --)@...-----------.0......|....-|...-----------.....|
 |...........---.-------|.hd...--      |.[.----...--....|....|        |.--.--
 --................--..||#......|      |.---|..........----.--      ---.|---
  ----.---.............-#.......-- -----.|  |..........|  ---       |...--
   --..| |.......................---.....|  ---........|            --...---
 ---..-- --................>......<..-----    |........|             |.....--
 |...--   --.........-----...---...---        |-.......|             |....-.|
 --..|     --.--------   ----- -----          |....|...|             ---...--
  --.|      ---                               --..---.--               -----
   ---                                         ---- ---
Brudee the Sightseer        St:9 Dx:12 Co:13 In:15 Wi:8 Ch:17  Neutral S:568
Dlvl:3  $:941 HP:0(36) Pw:17(17) AC:10 Xp:4/108 T:843 

Latest messages:
 In what direction? n
 The dart hits the gnome lord.
 The gnome lord hits!
 In what direction? n
 The dart hits the gnome lord.
 The gnome lord reads a scroll labeled YUM YUM!
 The gnome lord vanishes!
 a - 2 blessed +2 darts (at the ready) (14 in total).
 There are several objects here.
 You stop.  Shaggy is in the way!
 You swap places with Shaggy.
 There are several objects here.
 You hear some noises in the distance.
 a - 2 blessed +2 darts (at the ready) (16 in total).
 In what direction? h
 a - a blessed +2 dart (at the ready) (16 in total).
 In what direction? h
 a - a blessed +2 dart (at the ready) (16 in total).
 In what direction? h
 a - a blessed +2 dart (at the ready) (16 in total).
 In what direction? j
 The dart misses the dwarf.
 The dwarf swings her broad pick.
 The dwarf hits!
 In what direction? j
 The dart misses.
 In what direction? j
 The dart hits it.
 In what direction? j
 The dart misses.
 In what direction? j
 The dart misses.
 In what direction? j
 The dart misses.
 In what direction? j
 The dart misses.
 In what direction? j
 The dart misses.
 In what direction? j
 Shaggy growls!
 The dart hits Shaggy.
 The dwarf swings her broad pick.
 The dwarf hits!
 In what direction? b
 The dart misses the dwarf.
 The dwarf swings her broad pick.
 The dwarf hits!
 You die...
 Do you want your possessions identified? [ynq] (y) y
 Do you want to see your attributes? [ynq] (y) q

Inventory:
 Coins    ('$')
  $ - 941 gold pieces
 Weapons  (')')
  a - 6 blessed +2 darts (at the ready)
  y - a +0 elven dagger (weapon in right hand)
 Armor    ('[')
  l - an uncursed +0 Hawaiian shirt with a hibiscus flower motif (being worn)
 Comestibles  ('%')
  e - an uncursed slime mold
  f - 2 uncursed cram rations
  b - 6 uncursed food rations
  g - an uncursed fortune cookie
  d - 2 uncursed tripe rations
  c - 2 uncursed eggs
  t - 2 uncursed lichen corpses
 Scrolls  ('?')
  C - an uncursed scroll of create monster
  B - a cursed scroll of create monster
  v - an uncursed scroll of enchant weapon
  j - a blessed scroll of magic mapping
  k - 2 uncursed scrolls of magic mapping
  p - 2 uncursed scrolls of scare monster
 Potions  ('!')
  q - 3 uncursed potions of healing
  r - a cursed potion of speed
 Rings    ('=')
  s - a cursed -1 ring of gain constitution
 Tools    ('(')
  n - an uncursed credit card
  m - an expensive camera (0:32)
  o - an uncursed leash
  x - a +0 pick-axe
 Gems/Stones  ('*')
  w - 2 uncursed worthless pieces of green glass
  z - 2 uncursed worthless pieces of orange glass
  u - an uncursed worthless piece of white glass

Brudee the Tourist's attributes:

Background:
 You were a Sightseer, a level 4 female human Tourist.
 You were neutral, on a mission for The Lady
 who was opposed by Blind Io (lawful) and Offler (chaotic).
 You were right-handed.
 You were in the Gnomish Mines, on level 3.
 You entered the dungeon 843 turns ago.
 It was nighttime.
 You had 108 experience points, 52 more were needed to attain level 5.
 Your score was 568 before end-of-game adjustments.

Basics:
 You had 0 out of 36 hit points.
 You had all 17 energy points (spell power).
 Your armor class was 10.
 Your wallet contained 941 zorkmids.
 Autopickup was on for '$!=+?/"' plus thrown.

Final Characteristics:
 Your strength was 9 (limit:18/100).
 Your dexterity was 12 (limit:18).
 Your constitution was 13 (limit:18).
 Your intelligence was 15 (limit:18).
 Your wisdom was 8 (limit:18).
 Your charisma was 17 (limit:18).

Final Status:
 You weren't hungry.
 You were unencumbered.
 You were wielding a dagger.
 You were unskilled in dagger.

Final Attributes:
 You were fervently aligned.
 You are dead.

Miscellaneous:
 You didn't encounter any bones levels.
 Total elapsed playing time was 7 minutes and 14 seconds.

Major events:
 Turn
    1: Brudee the neutral female human Tourist entered the dungeon
  585: attained the rank of Sightseer (level 3)
  699: entered the Gnomish Mines
  843: killed by a dwarf

You didn't know any spells.

Skills:
 Fighting Skills
   bare handed combat [Unskilled]
   two weapon combat  [Unskilled]
   riding             [Unskilled]
 Weapon Skills
   dagger             [Unskilled]
   knife              [Unskilled]
   axe                [Unskilled]
   pick-axe           [Unskilled]
   short sword        [Unskilled]
   broadsword         [Unskilled]
   long sword         [Unskilled]
   two-handed sword   [Unskilled]
   saber              [Unskilled]
   mace               [Unskilled]
   morning star       [Unskilled]
   flail              [Unskilled]
   hammer             [Unskilled]
   quarterstaff       [Unskilled]
   polearms           [Unskilled]
   spear              [Unskilled]
   trident            [Unskilled]
   lance              [Unskilled]
   bow                [Unskilled]
   sling              [Unskilled]
   crossbow           [Unskilled]
   dart               [Basic]
   shuriken           [Unskilled]
   boomerang          [Unskilled]
   whip               [Unskilled]
   unicorn horn       [Unskilled]
 Spellcasting Skills
   divination spells  [Unskilled]
   enchantment spells [Unskilled]
   escape spells      [Unskilled]

Voluntary challenges:
 Character rerolling was not enabled.
 You followed a strict vegan diet.
 You were an atheist.
 You never hit with a wielded weapon.
 You never genocided any monsters.
 You never polymorphed an object.
 You never changed form.
 You used no wishes.
Achievements:
 You attained the rank of Sightseer.
 You entered the Gnomish Mines.

 The Dungeons of Doom: levels 1 to 2
    Level 1:
       A fountain.
    Level 2:
       An altar.
       Stairs down to The Gnomish Mines.
 The Gnomish Mines:
    Level 3: <- You were here.
       Final resting place for
          you, killed by a dwarf.


Vanquished creatures:
  2 gnome leaders
  a dwarf
  a hobbit
  a large kobold
  a giant rat
  2 yellow molds
  8 gnomes
  a gecko
  2 sewer rats
  3 grid bugs
  5 lichens
  a kobold zombie
  4 newts
32 creatures vanquished.

No species were genocided or became extinct.

Game over:
                       ----------
                      /          \
                     /    REST    \
                    /      IN      \
                   /     PEACE      \
                  /                  \
                  |      Brudee      |
                  |      941 Au      |
                  |   killed by a    |
                  |      dwarf       |
                  |                  |
                  |                  |
                  |       2026       |
                 *|     *  *  *      | *
        _________)/\\_//(\/(/\)/\//\/|_)_______

Aloha Brudee the Tourist...

You died in The Gnomish Mines on dungeon level 3 with 565 points,
and 941 pieces of gold, after 843 moves.
You were level 4 with a maximum of 36 hit points when you died.

